 Dungeon Crawl Stone Soup version 0.30-a0-1053-gbd8d5ba0ad (webtiles) character file.

Game seed: 3464527619174240409

11 cforsyth the Caller (level 2, -1/17 HPs)
             Began as an Octopode Summoner on Apr 11, 2023.
             Frozen to death by an endoplasm (2 damage)
             ... on level 1 of the Dungeon.
             The game lasted 00:00:27 (207 turns).

cforsyth the Caller (Octopode Summoner)              Turns: 207, Time: 00:00:28

Health: -1/17      AC:  1    Str:  7    XL:     2   Next: 25%
Magic:  1/5        EV: 13    Int: 17    God:
Gold:   6          SH:  0    Dex: 12    Spells: 4/5 levels left

rFire   . . .      SeeInvis .    (no weapon)
rCold   . . .      Faith    .    (no shield)
rNeg    . . .      Spirit   .    (helmet restricted)
rPois   .          Reflect  .    (no amulet)
rElec   .          Rampage  .    (no ring)
rCorr   .                        (no ring)
Will    .....                    (no ring)
Stlth   +++                      (no ring)
HPRegen 0.22/turn                (no ring)
MPRegen 0.09/turn                (no ring)
                                 (no ring)
                                 (no ring)

@: no status effects
A: almost no armour, amphibious, 8 rings, camouflage 1, gelatinous body 1,
(nimble swimmer 1), tentacles
a: no special abilities


You were on level 1 of the Dungeon.
You visited 1 branch of the dungeon, and saw 1 of its levels.

You collected 6 gold pieces.

Inventory:

Jewellery
 b - a +5 ring of evasion
Potions
 a - 2 potions of magic


   Skills:
 - Level 2.0 Dodging
 - Level 2.6 Stealth
 + Level 2.3 Spellcasting
 + Level 4.2 Summonings


You had 4 spell levels left.
You knew the following spells:

 Your Spells              Type           Power      Damage    Failure   Level
a - Summon Small Mammal   Summ           64%        N/A       3%          1

Your spell library contained the following spells:

 Spells                   Type           Power      Damage    Failure   Level
 Call Imp                 Summ           32%        N/A       4%          2
 Call Canine Familiar     Summ           16%        N/A       10%         3
 Summon Guardian Golem    Hex/Summ       9%         N/A       24%         3
 Summon Lightning Spire   Summ/Air       9%         N/A       61%         4


Dungeon Overview and Level Annotations

Branches:
Dungeon (1/15)

Altars:


Innate Abilities, Weirdness & Mutations

You cannot wear most types of armour.
You are amphibious.
You can wear up to eight rings at the same time.
Your skin changes colour to match your surroundings (Stealth+).
Your rubbery body absorbs attacks. (AC +1, EV +1)
((You are camouflaged when in or above water. (Stealth+)))
You have tentacles for arms and can constrict up to eight enemies at once.


Message History

Casting: Summon Small Mammal (safe; 3% risk of failure)
Confirm with . or Enter, or press ? or * to list all spells.
Your quokka bites the endoplasm.
The quokka bites you.
The endoplasm hits your quokka but does no damage.
The endoplasm misses your quokka.
You tentacle-slap the quokka but do no damage.
You grab the quokka.
You constrict the quokka, but do no damage.
Your quokka bites the endoplasm.
The endoplasm dies!
The quokka bites you.
* * * LOW HITPOINT WARNING * * *
The hobgoblin closely misses your quokka.
Your rat bites the quokka.
The endoplasm hits your quokka.
Your quokka dies!
Your quokka's corpse disappears in a puff of smoke!
Unknown command.
You tentacle-slap the quokka.
The quokka is severely wounded.
You constrict the quokka, but do no damage.
The quokka closely misses you. x2
Your rat bites the quokka but does no damage.
Unknown command.
Unknown command.
Unknown command.
You tentacle-slap the quokka but do no damage.
You squeeze the quokka.
You kill the quokka!
The endoplasm hits you.
* * * LOW HITPOINT WARNING * * *
The hobgoblin closely misses you.
Unknown command.
Unknown command.
Unknown command.
Casting: Summon Small Mammal (safe; 3% risk of failure)
Confirm with . or Enter, or press ? or * to list all spells.
Your rat barely misses the endoplasm.
The endoplasm freezes you.
You are frozen.
You die...

..#...#...#.# ####
8...8.#.8.'.# #...
..#...#..)#.####.#
.###.###.##......# .#
#.# #.##......#
.###.###.##....:.#
..#...#...#=...r.#
8.#.8.#.8.#.....(#
..#...#...#.....@##
.###.###.##....rJg# .#
#.# #.##.........#
.###.###.##......#..#
..#...#...#.:....#..#
<.#.8...8.#......#....
..#...#[..##......
.###
############...$.. .#
#......


You could see an endoplasm (ally target), a hobgoblin, a friendly quokka
(summoned) and a friendly rat (summoned).

Vanquished Creatures
  An endoplasm (D:1)
  A giant cockroach (D:1)
  A hobgoblin (D:1)
  A quokka (D:1)
  A ball python (D:1)
  A bat (D:1)
6 creatures vanquished.

Vanquished Creatures (collateral kills)
  A dart slug (D:1)
  An endoplasm (D:1)
2 creatures vanquished.

Grand Total: 8 creatures vanquished

Notes
Turn   | Place    | Note
-------+----------+-------------------------------------------
     0 | D:1      | cforsyth the Octopode Summoner began the quest for the Orb.
     0 | D:1      | Reached XP level 1. HP: 11/11 MP: 3/3
   198 | D:1      | Reached XP level 2. HP: 13/17 MP: 5/5
   207 | D:1      | Frozen to death by an endoplasm

Illustrated notes

Levels and vault maps discovered:
D:1:      minmay_arrival_nine_rooms, layout_basic,
          chequers_ecumenical_altar_simple_redux

Action                     || total
---------------------------++-------
  Melee: Unarmed           ||    21
         Tentacles         ||     6
         Constrict         ||     4
         Punch             ||     1
   Cast: Summon Small Mamm ||     8
 Armour: Skin              ||     5
  Dodge: Dodged            ||    24

Table legend: (Time is in decaauts)
 A = Elapsed time spent in this place.
 B = Non-inter-level travel time spent in this place.
 C = Inter-level travel time spent in this place.
 D = Time resting spent in this place.
 E = Time spent auto-exploring this place.
 F = Levels seen in this place.
 G = Mean time per level.
                   A        B        C        D        E       F      G
               +--------+--------+--------+--------+--------+-----+--------+
         Total |    207 |    207 |      0 |      0 |    153 |   1 |  207.0 |
       Dungeon |    207 |    207 |      0 |      0 |    153 |   1 |  207.0 |
               +--------+--------+--------+--------+--------+-----+--------+

Top non-repeatable levels by time:
     D:1: 207 daAuts
